 Dungeon Crawl Stone Soup version 0.28.0-47-ge53b351184 (webtiles) character file.

Game seed: 14174842606168706700

82 terff the Chopper (level 4, -5/40 HPs)
             Began as a Hill Orc Monk on Apr 30, 2022.
             Slain by an ogre
             ... wielding a +0 giant club
              (25 damage)
             ... on level 4 of the Dungeon.
             The game lasted 00:06:20 (2959 turns).

terff the Chopper (Hill Orc Monk)                   Turns: 2959, Time: 00:06:20

Health: -5/40      AC: 18    Str: 17    XL:     4   Next: 43%
Magic:  4/4        EV: 11    Int: 18    God:
Gold:   146        SH:  0    Dex: 15    Spells: 2/3 levels left

rFire   + + +      SeeInvis +   i - +7 dagger "Ladunoom" {protect, rF++ Str-2 Int+8 SInv}
rCold   . . .      Faith    .   (no shield)
rNeg    . . .      Spirit   .   b - +2 ring mail {rPois}
rPois   +          Reflect  .   l - +2 helmet
rElec   .          Harm     .   (no cloak)
rCorr   .          Rampage  .   (no gloves)
Will    .....                   f - +0 pair of boots
Stlth   +.........              (no amulet)
HPRegen 0.13/turn               d - ring of protection from fire
MPRegen 0.09/turn               e - +6 ring of strength

@: under a protective aura
A: no striking features
a: no special abilities


You were on level 4 of the Dungeon.
You visited 1 branch of the dungeon, and saw 4 of its levels.

You collected 146 gold pieces.

Inventory:

Hand Weapons
 a - a +1 hand axe
 i - the +7 dagger "Ladunoom" (weapon) {protect, rF++ Str-2 Int+8 SInv}
   (You found it on level 3 of the Dungeon)

   It grants its wielder temporary protection when it strikes (+7 to AC).
   Str:       It affects your strength (-2).
   Int:       It affects your intelligence (+8).
   rF:        It greatly protects you from fire.
   SInv:      It lets you see invisible.
Armour
 b - a +2 ring mail of poison resistance (worn)
 c - a +0 leather armour
 f - a +0 pair of boots (worn)
 l - a +2 helmet (worn)
Jewellery
 d - a ring of protection from fire (left hand)
 e - a +6 ring of strength (right hand)
 k - a +4 ring of protection
Scrolls
 j - a scroll of teleportation
Potions
 g - a potion of attraction {unknown}
 h - a potion of mutation {unknown}
 m - a potion of resistance {unknown}


   Skills:
 + Level 4.3 Fighting
 + Level 0.2 Short Blades
 + Level 5.1 Axes
 + Level 1.8 Armour
 + Level 2.7 Dodging
 + Level 1.6 Stealth


You had 2 spell levels left.
You knew the following spells:

 Your Spells              Type           Power      Damage    Failure   Level
a - Magic Dart            Conj           0%         1d3       36%         1

Your spell library contained the following spells:

 Spells                   Type           Power      Damage    Failure   Level
 Call Imp                 Summ           0%         N/A       52%         2
 Mephitic Cloud           Conj/Pois/Air  0%         N/A       75%         3


Dungeon Overview and Level Annotations

Branches:
Dungeon (4/15)
 Temple: D:4-7

Altars:
Dithmenos
Qazlal
Ru
Zin

Shops:
D:3 (   D:4 (


Message History

You open the door.
There is an open door here.
Found a stormy altar of Qazlal.
m - a metallic grey potion
Found a shadowy altar of Dithmenos.
You now have 146 gold pieces (gained 14).
Found a glowing silver altar of Zin.
There is an open door here.
There is a stone staircase leading down here.
You see here a +0 robe.
Done exploring.
You see here a +0 robe.
There is an open door here.
There is an open door here.
Done exploring.
There is a stone staircase leading down here.
You climb downwards.
You hear the sound of rushing water.
There is an entrance to a sewer on this level.
Hurry and find it before the portal rusts away!
There is a stone staircase leading up here.
An ogre comes into view. It is wielding a +0 giant club.
Found a stone staircase leading down.
The ogre shouts!
The ogre moves out of view.
Found Ritav's Weapon Emporium.
You completely miss the ogre. You punch the ogre.
The ogre is lightly wounded.
The ogre barely misses you.
You completely miss the ogre.
The ogre is lightly wounded.
You hit the ogre.
Your weapon exudes an aura of protection.
The ogre is lightly wounded.
The ogre hits you with a +0 giant club!!
Ouch! That really hurt!
You barely miss the ogre.
The ogre is lightly wounded.
The ogre hits you with a +0 giant club!!
Ouch! That really hurt!
You die...

##### #.#....
....#.### #.##..
###.#.#.. .....# #
#.#.#.# #.#..# #
#.#.#.# #.#..#
###.#.#.# #.#..#
#...#.#.#####...O#
#.###.#.........@#
........#####....#
#####.#.# #.#..#
#.#... ∩..#..#
#.#########.># #..
..#. ### ###.# .#


You could see an ogre.

Vanquished Creatures
  2 adders
  2 worms
  3 dart slugs
  An orc (D:3)
  5 endoplasms
  5 giant cockroaches
  4 hobgoblins
  4 quokkas
  3 ball pythons
  6 bats
  4 goblins
  7 kobolds
  4 rats
50 creatures vanquished.

Notes
Turn   | Place    | Note
-------+----------+-------------------------------------------
     0 | D:1      | terff the Hill Orc Monk began the quest for the Orb.
     0 | D:1      | Reached XP level 1. HP: 19/19 MP: 1/1
    99 | D:1      | You fall into a shaft and drop 1 floor!
   363 | D:2      | Reached XP level 2. HP: 27/27 MP: 2/2
   968 | D:1      | Reached XP level 3. HP: 32/33 MP: 3/3
  1124 | D:1      | Found a faded altar of an unknown god.
  1201 | D:1      | Reached skill level 1 in Armour
  1280 | D:1      | Learned a level 1 spell: Magic Dart
  1878 | D:3      | Identified the +7 dagger "Ladunoom" {protect, rF++ Str-2
                  | Int+8 SInv}
  1905 | D:3      | Reached XP level 4. HP: 35/40 MP: 4/4
  1978 | D:3      | Reached skill level 5 in Axes
  2014 | D:3      | Found Osapt's Weapon Emporium.
  2217 | D:3      | Found a sacrificial altar of Ru.
  2729 | D:3      | Found a stormy altar of Qazlal.
  2741 | D:3      | Found a shadowy altar of Dithmenos.
  2747 | D:3      | Found a glowing silver altar of Zin.
  2952 | D:4      | Noticed an ogre
  2954 | D:4      | Found Ritav's Weapon Emporium.
  2959 | D:4      | Slain by an ogre

Illustrated notes

Levels and vault maps discovered:
D:1:      psy_arrival_terrarium, layout_rooms, shapermc_ecumenical_altar_ellora
D:2:      layout_rooms
D:3:      layout_basic, lemuel_tele_altar, minmay_overflow_temple_star_quad,
          serial_shops, shop
D:4:      layout_basic, nicolae_ashenzari_panopticon, serial_shops, shop,
          cheibrodos_sewer_entry_bend, serial_bayou_lagoon_a

Skill      XL: |  1  2  3  4 |
---------------+-------------+-----
Fighting       | 4 |  4.3
Armour         | 1 |  1.8
Axes           | 5 |  5.1
Short Blades   | |  0.2
Dodging        | |  2.7
Stealth        | |  1.6

Action                   |  1- 3 |  4- 6 || total
-------------------------+-------+-------++-------
Melee: Hand axe          |   119 |       ||   119
       Dagger            |     4 |    28 ||    32
       Punch             |     2 |     1 ||     3
 Cast: Magic Dart        |     3 |       ||     3
  Use: Potion            |     1 |       ||     1
       Scroll            |     2 |     2 ||     4
Armor: Robe              |     1 |       ||     1
       Ring mail         |    48 |    10 ||    58
       Leather armour    |     4 |       ||     4
Dodge: Dodged            |    85 |    10 ||    95
